 Dungeon Crawl Stone Soup version 0.16-a0-1120-gd281f79 (webtiles) character file.

89 PolkaDot the Insei (level 4, -5/40 HPs)
             Began as a Draconian Monk on Oct 6, 2014.
             Killed by nerve-wracking pain
             ... invoked by Grinder
              (6 damage)
             ... on level 3 of the Dungeon.
             The game lasted 00:04:32 (2195 turns).

PolkaDot the Insei (Draconian Monk)                 Turns: 2195, Time: 00:04:32

Health: -5/40      AC:  5    Str: 14    XL:     4   Next: 31%
Magic:  4/4        EV: 13    Int: 10    God:
Gold:   173        SH:  0    Dex: 14    Spells: 0 memorised, 3 levels left

rFire  . . .     SeeInvis .       - Unarmed
rCold  . . .     Clarity  .     (armour unavailable)
rNeg   . . .     SustAb   .     (no shield)
rPois  .         Gourm    .     (helmet restricted)
rElec  .         Spirit   .     (no cloak)
rCorr  .         Warding  .     (no gloves)
rMut   .         Stasis   .     (no boots)
MR     .....                    (no amulet)
Stlth  ++........               (no ring)
                                (no ring)

@: about to teleport, drained, not resistant to hostile enchantments, unstealthy
A: unfitting armour, cold-blooded, AC +5
a: no special abilities


You were on level 3 of the Dungeon.
You were not hungry.

You visited 1 branch of the dungeon, and saw 3 of its levels.

You collected 173 gold pieces.

Inventory:

Missiles
 f - a throwing net (quivered)
Comestibles
 b - 3 bread rations
 h - 2 meat rations
 i - a slice of pizza
 o - a chunk of bat flesh
Scrolls
 c - 2 scrolls of remove curse
 e - a scroll of blinking {unknown}
 g - a scroll of teleportation
 k - a scroll of fear {unknown}
 l - a scroll of amnesia {unknown}
 n - a scroll of noise {unknown}
 r - a scroll of immolation {unknown}
 t - a scroll of random uselessness {unknown}
 u - a scroll of fog {unknown}
Potions
 d - a potion of brilliance
 m - a potion of poison {!q}


   Skills:
 + Level 3.8(3.4) Fighting
 + Level 3.4(3.1) Dodging
 - Level 1.7(1.4) Stealth
 * Level 5.0(4.6) Unarmed Combat


You had 3 spell levels left.
You didn't know any spells.

Dungeon Overview and Level Annotations

Branches:
Dungeon (3/15)

Altars:
Fedhas

Annotations:
D:2 exclusion: oklob plant
D:3 Grinder


Innate Abilities, Weirdness & Mutations

Your plain brown scales are hard (AC +5).
Your body does not fit into most forms of armour.
Your cold-blooded metabolism reacts poorly to cold.


Message History

* * * LOW HITPOINT WARNING * * *
Grinder gestures at you. Pain shoots through your body!
* * * LOW HITPOINT WARNING * * *
The goblin shoots a stone.
The stone barely misses you. Grinder gestures at you.
You shrug off the repeated paralysis!
You can move again.
Read which item? (? for menu, Esc to quit)
As you read the scroll labeled TUAFOE FRIHEFU, it crumbles to dust.
You feel strangely unstable.
It was a scroll of teleportation.
Grinder hits you.
* * * LOW HITPOINT WARNING * * *
You writhe in agony.
* * * LOW HITPOINT WARNING * * *
The goblin shoots a stone.
The stone closely misses you.
The stone hits Grinder.
Grinder gestures at you. Pain shoots through your body!
You die...

###.#.#.........#
............ ..#
###.#.##.#.####.#
................#
###.#.###.#.##.#.####.#
....5....g........%...#
###.#.###5#.##.#.####.#
#(..##.#.# ##.###
#.@......# #....#
#...##.### #..#.###
#..g##.# #..#....
#....... ###.#####.
###..#.###.........
...........[.....
#..#.##..........
................
.#..##..........


You could see Grinder, a hobgoblin and a goblin.

Vanquished Creatures
  4 adders
  A worm (D:2)
  2 giant geckos (D:2)
  2 oozes (D:2)
  3 ball pythons
  A giant cockroach (D:1)
  5 goblins
  9 hobgoblins
  2 jackals (D:3)
  4 kobolds
  A quokka (D:3)
  5 bats
  2 giant newts (D:2)
  A rat (D:2)
42 creatures vanquished.

Vanquished Creatures (others)
  A fungus (D:2)
  12 toadstools (D:2)
13 creatures vanquished.

Grand Total: 55 creatures vanquished

Notes
Turn   | Place    | Note
--------------------------------------------------------------
     0 | D:1      | PolkaDot, the Draconian Monk, began the quest for the Orb.
     0 | D:1      | Reached XP level 1. HP: 19/19 MP: 1/1
   353 | D:1      | Reached XP level 2. HP: 26/26 MP: 2/2
   991 | D:2      | Reached XP level 3. HP: 31/31 MP: 3/3
  1571 | D:2      | Found a blossoming altar of Fedhas.
  1604 | D:2      | Noticed an oklob plant
  1750 | D:2      | Reached XP level 4. HP: 26/40 MP: 4/4
  2169 | D:3      | Reached skill level 5 in Unarmed Combat
  2177 | D:3      | Noticed Grinder
  2190 | D:3      | Paralysed by Grinder for 4 turns
  2194 | D:3      | HP: 1/40 [Grinder (3)]
  2195 | D:3      | Killed from afar by Grinder

Action                   |  1- 3 |  4- 6 || total
-------------------------+-------+-------++-------
Melee: Unarmed           |   123 |    23 ||   146
Throw: Javelin           |       |     4 ||     4
  Use: Scroll            |       |     5 ||     5
       Potion            |       |     1 ||     1
  Eat: Chunk             |     2 |     2 ||     4
